 Dungeon Crawl Stone Soup version 0.27-a0-1149-g4505690ab0 (webtiles) character file.

Game seed: 12706803317833461907

200 kae the Skirmisher (level 5, -2/40 (42) HPs)
             Began as a Demonspawn Fighter on May 12, 2021.
             Was a Follower of Makhleb.
             Slain by a wight
             ... wielding a +5 spear
              (8 damage)
             ... on level 4 of the Dungeon.
             The game lasted 00:05:41 (3583 turns).

kae the Skirmisher (Demonspawn Fighter)             Turns: 3583, Time: 00:05:41

HP:   -2/40 (42)    AC:  6    Str: 17    XL:     5   Next: 49%
MP:   6/6           EV:  6    Int:  9    God:    Makhleb [*.....]
Gold: 20            SH:  8    Dex: 13    Spells: 4/4 levels left

rFire    . . .     SeeInvis .   a - +1 long sword
rCold    . . .     Faith    .   c - +0 kite shield
rNeg     . . .     Spirit   .   b - +0 scale mail
rPois    .         Reflect  .   (no helmet)
rElec    .         Harm     .   (no cloak)
rCorr    .         Rampage  .   (no gloves)
Will     .....                  (boots unavailable)
Stlth    ..........             (no amulet)
HPRegen  0.13/turn              (no ring)
MPRegen  0.10/turn              (no ring)

@: lightly drained
A: talons 3, spiny 1
a: Renounce Religion


You were on level 4 of the Dungeon.
You worshipped Makhleb.
Makhleb was aware of your devotion.
You visited 1 branch of the dungeon, and saw 4 of its levels.

You collected 108 gold pieces.
You spent 88 gold pieces at shops.

Inventory:

Hand Weapons
 a - a +1 long sword (weapon)
Missiles
 g - 4 atropa-tipped darts (quivered)
Armour
 b - a +0 scale mail (worn)
 c - a +0 kite shield (worn)
Scrolls
 d - 4 scrolls of teleportation
 e - 4 scrolls of blinking
Potions
 f - a potion of curing
 h - a potion of heal wounds
 i - a potion of degeneration
 j - a potion of attraction {unknown}
 k - a potion of cancellation {unknown}


   Skills:
 + Level 4.1 Fighting
 * Level 4.1 Long Blades
 - Level 2.6 Armour
 - Level 2.6 Shields
 + Level 2.3 Invocations


You had 4 spell levels left.
You didn't know any spells.
Your spell library contained the following spells:

 Spells                   Type           Power      Damage    Failure   Level
 Beastly Appendage        Tmut           0%         N/A       100%        1
 Shock                    Conj/Air       0%         1d3       100%        1
 Static Discharge         Conj/Air       0%         N/A       100%        2
 Wereblood                Tmut           0%         N/A       100%        2
 Spider Form              Tmut/Pois      0%         N/A       100%        3
 Swiftness                Air            0%         N/A       100%        3
 Airstrike                Air            0%         N/A       100%        4
 Ice Form                 Ice/Tmut       0%         N/A       100%        4
 Hydra Form               Tmut           0%         N/A       100%        5
 Lightning Bolt           Conj/Air       0%         1d11      100%        5


Dungeon Overview and Level Annotations

Branches:
Dungeon (4/15)
 Temple: D:4-7

Altars:
Makhleb
Uskayaw
The Shining One

Shops:
D:3 !


Innate Abilities, Weirdness & Mutations

You have claws for feet.
You are partially covered in sharp spines.


Message History

The ball python hisses angrily.
A ball python is nearby!
A ball python is nearby!
You closely miss the ball python. Your kick misses the ball python.
The ball python is struck by your spines.
The ball python bites you. x2
You closely miss the ball python. You claw the ball python.
You kill the ball python!
Makhleb accepts your kill.
No target in view!
No target in view!
HP restored.
Found a stone staircase leading up.
d - 4 scrolls of teleportation (gained 3)
You now have 20 gold pieces (gained 7).
Found 11 poisoned darts.
You open the door.
Found a glowing golden altar of the Shining One.
Found an escape hatch in the floor.
There is an open door here.
A wight comes into view. It is wielding a +5 spear.
There are monsters nearby!
There are monsters nearby!
Found a war axe.
The wight hits you with a +5 spear!
You hit the wight but do no damage. You claw the wight, but do no damage.
The wight is struck by your spines. The wight hits you with a +5 spear.
The wight is struck by your spines. The wight completely misses you.
You closely miss the wight. You claw the wight.
The wight is moderately damaged.
The wight hits you with a +0 great sword!
The wight hits you with a +5 spear!
You feel drained.
* * * LOW HITPOINT WARNING * * *
You block the wight's attack. The wight barely misses you.
Found a flail.
The wight hits you with a +0 great sword!
* * * LOW HITPOINT WARNING * * *
There is a stone staircase leading up here.
The wight hits you from afar with a +5 spear!
You die...

...####...#.........).........##.
........##...#..#..>...#......#..
.......##...........##.#..##.....
...........###...........##......
....#......#.#....##.....###....#
....#..>..................#.!##..
... #....##..##[..z...........#..
. ##.......##...z.......)..###.
#.........##@z#..........##..
........[......##..#..........
...##...........##..###.......#
..# #..(..##.........# .####.# #.
..............#..... .##...#
...........#..^##.... #.....
...........##.## #... ......
............ .. ...... ......#.
... ......


You could see 3 wights.

Vanquished Creatures
  Jessica (D:2)
  3 gnolls (D:2)
  7 adders
  2 worms
  2 dart slugs
  5 orcs
  6 bats
  9 endoplasms
  2 giant cockroaches
  4 goblins
  7 hobgoblins
  3 kobolds
  4 quokkas
  3 ball pythons
  3 frilled lizards
  9 rats
70 creatures vanquished.

Vanquished Creatures (others)
  A ball python (D:3)
1 creature vanquished.

Grand Total: 71 creatures vanquished

Notes
Turn   | Place    | Note
-------+----------+-------------------------------------------
     0 | D:1      | kae the Demonspawn Fighter began the quest for the Orb.
     0 | D:1      | Reached XP level 1. HP: 18/18 MP: 1/1
   454 | D:1      | Gained mutation: You have sharp toenails. [demonic
                  | ancestry]
   454 | D:1      | Reached XP level 2. HP: 24/24 MP: 2/2
  1116 | D:1      | Found a faded altar of an unknown god.
  1158 | D:2      | Found a burning altar of Makhleb.
  1188 | D:2      | Became a worshipper of Makhleb the Destroyer
  1331 | D:2      | Gained mutation: You have razor-sharp toenails. [demonic
                  | ancestry]
  1331 | D:2      | Reached XP level 3. HP: 29/29 MP: 3/3
  1775 | D:2      | Gained mutation: You have claws for feet. [demonic
                  | ancestry]
  1775 | D:2      | Reached XP level 4. HP: 37/37 MP: 4/4
  1776 | D:2      | Reached skill level 1 in Invocations
  1914 | D:2      | Noticed Jessica
  1940 | D:2      | Killed Jessica
  2350 | D:2      | Gained mutation: You are partially covered in sharp spines.
                  | [demonic ancestry]
  2350 | D:2      | Reached XP level 5. HP: 42/42 MP: 6/6
  2704 | D:3      | Found Toseamm's Distillery.
  2712 | D:3      | Bought a potion of curing for 33 gold pieces
  2712 | D:3      | Bought a potion of heal wounds for 55 gold pieces
  2825 | D:3      | Reached * piety under Makhleb
  3068 | D:3      | Found a hide-covered altar of Uskayaw.
  3583 | D:4      | Slain by a wight

Illustrated notes

Levels and vault maps discovered:
D:1:      psy_arrival_statuary, layout_loops_corners,
          ebering_ecumenical_altar_hall, minmay_misc_feat_doors
D:2:      layout_basic, basic_altar, kennysheep_generic_room_10, uniq_jessica
D:3:      layout_rooms, nicolae_uskayaw_suspiria, serial_shops, shop,
          lemuel_another_geyser
D:4:      cheibrodos_barr_body, layout_cave_pools, general_overflow_altar,
          kennysheep_flooded_box, kennysheep_doodads

Skill      XL: |  1  2  3  4  5 |
---------------+----------------+-----
Long Blades    | 2 3 4 |  4.1
Invocations    | 1 2 |  2.3
Fighting       | 4 |  4.1
Armour         | |  2.6
Shields        | |  2.6

Action                   |  1- 3 |  4- 6 || total
-------------------------+-------+-------++-------
Melee: Long sword        |   102 |    84 ||   186
       Kick              |    22 |    16 ||    38
  Use: Scroll            |     5 |     4 ||     9
       Potion            |     1 |       ||     1
Armor: Scale mail        |    49 |    31 ||    80
Dodge: Dodged            |    28 |    24 ||    52
Block: Kite shield       |    51 |    25 ||    76
       Rpst.: Long sword |    11 |     6 ||    17

Table legend: (Time is in decaauts)
 A = Elapsed time spent in this place.
 B = Non-inter-level travel time spent in this place.
 C = Inter-level travel time spent in this place.
 D = Time resting spent in this place.
 E = Time spent auto-exploring this place.
 F = Levels seen in this place.
 G = Mean time per level.
                   A        B        C        D        E       F      G
               +--------+--------+--------+--------+--------+-----+--------+
         Total |   3673 |   3556 |    117 |    540 |   2403 |   4 |  918.2 |
       Dungeon |   3673 |   3556 |    117 |    540 |   2403 |   4 |  918.2 |
               +--------+--------+--------+--------+--------+-----+--------+

Top non-repeatable levels by time:
     D:2: 1574 daAuts
     D:1: 1184 daAuts
     D:3: 662 daAuts
     D:4: 252 daAuts
